 Dungeon Crawl Stone Soup version 0.30.0-19-g36f170ea60 (webtiles) character file.

Game seed: 13675066833925590364

719 Brutalitops the Merchant of Misery (level 7, -2/53 HPs)
             Began as a Ghoul Fire Elementalist on May 30, 2023.
             Was a Believer of Kikubaaqudgha.
             Slain by a black bear (7 damage)
             ... on level 5 of the Dungeon.
             The game lasted 00:29:30 (6376 turns).

Brutalitops the Merchant of Misery (GhFE)           Turns: 6376, Time: 00:29:31

Health: -2/53      AC:  5    Str: 12    XL:     7   Next: 70%
Magic:  11/11      EV: 11    Int: 12    God:    Kikubaaqudgha [**....]
Gold:   145        SH:  0    Dex:  9    Spells: 8/13 levels left

rFire   . . .        s - +0 rapier (chaos)
rCold   + . .        k - orb {*channel}
rNeg    + + +        i - +0 leather armour
rPois   ∞            q - +1 helmet
rElec   .            e - scarf {+Inv}
rCorr   .            (no gloves)
SInv    .            (no boots)
Will    .....        (no amulet)
Stlth   +            (no ring)
HPRegen 0.00/turn    (no ring)
MPRegen 0.12/turn

%: channel magic (20%)
@: inhibited regen
A: claws 1, cold resistance 1, negative energy resistance 3, inhibited
regeneration, torment resistance 2, devour on kill
a: Renounce Religion, Evoke Invisibility, Unearth Wretches


You were on level 5 of the Dungeon.
You worshipped Kikubaaqudgha.
Kikubaaqudgha was pleased with you.
You visited 1 branch of the dungeon, and saw 5 of its levels.

You collected 145 gold pieces.

Inventory:

Hand Weapons
 c - a +3 flail of protection
 s - a +0 rapier of chaos (weapon)
Missiles
 p - 2 throwing nets
Armour
 a - a +0 robe
 e - a scarf of invisibility (worn)
 i - a +0 leather armour (worn)
 k - an orb of energy (worn)
 q - a +1 helmet (worn)
 u - a +1 buckler of protection
Wands
 o - a wand of roots (3)
 x - a wand of flame (12)
Scrolls
 f - a scroll of amnesia
 g - a scroll of immolation
 j - 2 scrolls of poison
 m - 2 scrolls of fog
 n - a scroll of blinking
 w - a scroll of vulnerability {unknown}
Potions
 b - a potion of magic
 d - 3 potions of flight
 h - a potion of cancellation


   Skills:
 + Level 1.9 Fighting
 + Level 1.4 Short Blades
 + Level 2.8 Axes
 + Level 2.1 Armour
 - Level 1.7 Dodging
 - Level 2.1 Stealth
 + Level 3.8 Spellcasting
 + Level 1.0 Conjurations
 * Level 4.3 Necromancy
 - Level 2.5 Fire Magic


You had 8 spell levels left.
You knew the following spells:

 Your Spells              Type           Power      Damage    Failure   Level
a - Foxfire               Conj/Fire      24%        2x1d5     32%         1
b - Necrotise             Necr           48%        1d6       14%         1
c - Vampiric Draining     Necr           12%        2d6       32%         3

Your spell library contained the following spells:

 Spells                   Type           Power      Damage    Failure   Level
 Kiss of Death            Conj/Necr      32%        2d7       24%         1
 Scorch                   Fire           16%        2d6       34%         2
 Momentum Strike          Conj/Tloc      6%         3d8       56%         2
 Blink                    Tloc           4%         N/A       63%         2
 Ensorcelled Hibernation  Hex/Ice        4%         N/A       63%         2
 Lesser Beckoning         Tloc           4%         N/A       63%         2
 Animate Dead             Necr           12%        N/A       65%         4
 Inner Flame              Hex/Fire       5%         N/A       67%         3
 Volatile Blastmotes      Fire/Tloc      10%        2d10      67%         3
 Call Canine Familiar     Summ           2%         N/A       83%         3
 Portal Projectile        Hex/Tloc       4%         N/A       83%         3
 Anguish                  Hex/Necr       3%         N/A       89%         4
 Flame Wave               Conj/Fire      6%         2d5       92%         4
 Leda's Liquefaction      Hex/Erth       1%         N/A       99%         4
 Summon Cactus Giant      Summ           1%         N/A       100%        6
 Spider Form              Tmut/Pois      Unusable   N/A       N/A         3

Dungeon Overview and Level Annotations

Branches:
Dungeon (5/15)
 Temple: D:4-7

Altars:
Kikubaaqudgha
Sif Muna
Uskayaw
Yredelemnul


Innate Abilities, Weirdness & Mutations

You are immune to poison.
You have sharp fingernails.
Your flesh is cold resistant. (rC+)
You are immune to negative energy. (rN+++)
You do not regenerate when monsters are visible.
You are immune to unholy pain and torment.
You thrive by killing the living.


Message History

The black bear is severely wounded.
The black bear barely misses you.
The black bear claws you but does no damage.
The black bear completely misses you.
Your adder zombie bites the black bear.
The black bear bites you! The black bear misses you. The black bear claws you.
Unknown command.
You barely miss the black bear.
The black bear is severely wounded.
The black bear bites you. The black bear completely misses you.
The black bear claws you.
Your adder zombie bites the black bear.
The black bear bites you!
* * * LOW HITPOINT WARNING * * *
The black bear claws you but does no damage.
The black bear barely misses you.
Your adder zombie barely misses the black bear.
You barely miss the black bear.
The black bear is almost dead.
The black bear bites you.
* * * LOW HITPOINT WARNING * * *
The black bear closely misses you. The black bear barely misses you.
Your adder zombie bites the black bear but does no damage.
The black bear bites you but does no damage.
The black bear closely misses you. The black bear barely misses you.
The black bear attacks as you move away!
The black bear closely misses you.
The black bear claws you but does no damage.
The black bear completely misses you.
The black bear rages.
Your adder zombie completely misses the black bear.
Your adder zombie closely misses the black bear.
The black bear bites you!
* * * LOW HITPOINT WARNING * * *
The black bear claws you but does no damage.
The black bear claws you.
* * * LOW HITPOINT WARNING * * *
You hit the black bear.
The black bear is almost dead.
The black bear bites you!
You die...
Kikubaaqudgha rasps: "You have failed me!
Welcome... oblivion!"

### ..# ....( #.# .# #.##### ...
..... #g# .# ##.##~P♣ #'#
......##.##.# ##..'~♣♣#♣~~
!..##...g...# #...#~♣#♣~♣
##......>..## #.###♣~♣~♣#
####.#####.#.### #..#♣#♣~~~♣#
##Z....# #....... #.##~
#♣Z♣~♣##h.# #..#.##>
####†##~♣♣~♣#♣Z#@####.. #..#.##.
...†..##~~♣# ♣~'.................
####.###'##♣~~♣#.####.####.###.#.
#.#....######.# #. .....
#.)....).#.#### #. ###...
#####......# #... #...
#######.### #...# #.c.
###...##...# #...# ##...
###........#.# #...^ [##..


You could see a black bear (berserk, poisoned, ally target) and a friendly adder
zombie.

Vanquished Creatures
  An ogre (D:5)
  3 scorpions
  A howler monkey (D:5)
  A hound (D:5)
  2 gnoll boudas
  A sleepcap (D:4)
  Jessica (D:2)
  2 iguanas (D:4)
  2 orc wizards (D:4)
  3 adders (D:5)
  7 gnolls
  2 worms
  3 dart slugs
  7 orcs
  9 endoplasms
  2 giant cockroaches
  6 hobgoblins
  2 jackals (D:1)
  5 quokkas
  4 ball pythons
  7 bats
  4 frilled lizards
  6 goblins
  8 kobolds
  4 rats
93 creatures vanquished.

Vanquished Creatures (others)
  72 foxfires
72 creatures vanquished.

Grand Total: 165 creatures vanquished

Notes
Turn   | Place    | Note
-------+----------+-------------------------------------------
     0 | D:1      | Brutalitops the Ghoul Fire Elementalist began the quest for
                  | the Orb.
     0 | D:1      | Reached XP level 1. HP: 14/14 MP: 2/2
    56 | D:1      | Reached skill level 1 in Axes
   124 | D:1      | Reached XP level 2. HP: 21/22 MP: 3/3
   362 | D:1      | Reached skill level 1 in Fighting
   961 | D:2      | Noticed Jessica
   966 | D:2      | Reached XP level 3. HP: 28/28 MP: 1/4
   979 | D:2      | Killed Jessica
  1233 | D:2      | Reached XP level 4. HP: 35/35 MP: 1/5
  1464 | D:2      | Found a faded altar of an unknown god.
  1475 | D:2      | Prayed at the altar of an unknown god.
  1475 | D:2      | Became a worshipper of Kikubaaqudgha
  1475 | D:2      | Reached * piety under Kikubaaqudgha
  1475 | D:2      | Received a gift from Kikubaaqudgha
  1478 | D:2      | Learned a level 1 spell: Necrotise
  3205 | D:4      | Reached skill level 1 in Necromancy
  3205 | D:4      | Reached XP level 5. HP: 5/40 MP: 3/7
  3632 | D:4      | Found a hide-covered altar of Uskayaw.
  3658 | D:4      | Reached skill level 1 in Armour
  3658 | D:4      | Reached skill level 2 in Necromancy
  3970 | D:4      | Reached XP level 6. HP: 25/47 MP: 9/9
  4114 | D:4      | Reached skill level 1 in Conjurations
  4405 | D:4      | Reached skill level 3 in Necromancy
  4518 | D:4      | Found a shimmering blue altar of Sif Muna.
  5088 | D:5      | Entered Level 5 of the Dungeon
  5097 | D:5      | Noticed a two-headed ogre
  5167 | D:5      | Reached skill level 1 in Short Blades
  5326 | D:5      | Noticed a black bear
  5519 | D:4      | HP: 2/47 [gnoll bouda/+0 whip (7)]
  5523 | D:4      | Reached XP level 7. HP: 17/52 MP: 10/10
  5816 | D:5      | Reached ** piety under Kikubaaqudgha
  5817 | D:5      | Reached skill level 4 in Necromancy
  5832 | D:5      | Learned a level 3 spell: Vampiric Draining
  5975 | D:5      | HP: 2/53 [gnoll/+0 whip[a gnoll bouda] (3)]
  6181 | D:5      | Found a basalt altar of Yredelemnul.
  6376 | D:5      | Slain by a black bear

Illustrated notes

Levels and vault maps discovered:
D:1:      minmay_arrival_cross, layout_loops_ring
D:2:      layout_loops_ring, dreamdust_ecumenical_altar_grove,
          minmay_goblin_kobold_house, uniq_jessica
D:3:      minmay_skewed_foursquare, layout_basic
D:4:      layout_basic, nicolae_uskayaw_dance_hall, led_sif_book
D:5:      layout_loops_cross, lemuel_doored_altar, saegor_snake_ambush

Skill      XL: |  1  2  3  4  5  6  7 |
---------------+----------------------+-----
Axes           | 1 2 |  2.8
Fighting       | 1 |  1.9
Spellcasting   | 2 3 |  3.8
Necromancy     | 1 2 3 4 |  4.3
Armour         | 1 2 |  2.1
Conjurations   | 1 |  1.0
Short Blades   | 1 |  1.4
Dodging        | |  1.7
Stealth        | |  2.1
Fire Magic     | |  2.5

Action                     |  1- 3 |  4- 6 |  7- 9 || total
---------------------------+-------+-------+-------++-------
  Melee: Hand axe          |    84 |    71 |       ||   155
         Punch             |     1 |       |       ||     1
         Rapier            |       |   131 |    96 ||   227
   Cast: Foxfire           |    20 |    22 |       ||    42
         Necrotise         |       |    77 |    26 ||   103
  Evoke: Wand              |       |       |     1 ||     1
    Use: Scroll            |     6 |     9 |     1 ||    16
         Potion            |       |     9 |       ||     9
   Stab: Sleeping          |     2 |     1 |       ||     3
         Paralysed         |       |       |     2 ||     2
 Armour: Robe              |    15 |       |       ||    15
         Leather armour    |     4 |    59 |    41 ||   104
  Dodge: Dodged            |    60 |   119 |    75 ||   254
